General information
- name: BNet
- type: Ladder team game (AT/RT)
- host: Battle.net
- saver: GOKUMAN69
map: Highperch
- players: 6
- length: 56:39
- speed: Fast
- version: 1.21 W3XP
- replay type: Public
» download(255 KB)
Players
team 1 (winner)
GOHANSAN420 (
blue | 39 APM | 2225 actions | 56:38)
7 Blood Mage
3 Siphon Mana
3 Flame Strike
1 Summon Phoenix
6 Paladin
3 Holy Light
3 Divine Shield
» actions
| Assign group hotkey | 14 | |
| Basic commands | 67 | |
| Build / train | 95 | |
| Enter build submenu | 35 | |
| Enter hero's abilities submenu | 15 | |
| Give item / drop item | 7 | |
| Right click | 1079 | |
| Select / deselect | 613 | |
| Select group hotkey | 83 | |
| Use ability | 216 | |
2225 total
» units
| Peasant | 12 | |
| Dragonhawk Rider | 19 | |
31 total
» upgrades
| Masonry | 3 | |
| Lumber Harvesting | 2 | |
| Magic Sentry | 1 | |
| Armor | 3 | |
| Animal War Training | 1 | |
| Swords | 3 | |
13 total
» buildings
| Altar of Kings | 1 | |
| Farm | 16 | |
| Lumber Mill | 1 | |
| Scout Tower | 71 | |
| Guard Tower | 19 | |
| Keep | 1 | |
| Arcane Vault | 1 | |
| Gryphon Aviary | 2 | |
| Arcane Sanctum | 1 | |
| Castle | 1 | |
| Blacksmith | 1 | |
| Barracks | 1 | |
| Arcane Tower | 3 | |
119 total
» build order
00:11 Altar of Kings
00:18 Farm
00:27 Lumber Mill
01:42 Scout Tower
01:43 Scout Tower
02:09 Guard Tower
02:29 Farm
02:30 Farm
02:30 Farm
02:37 Guard Tower
02:40 Scout Tower
02:42 Scout Tower
02:44 Scout Tower
03:39 Guard Tower
03:42 Scout Tower
03:45 Scout Tower
04:23 Guard Tower
04:28 Scout Tower
04:29 Scout Tower
04:30 Scout Tower
04:30 Scout Tower
04:33 Scout Tower
04:34 Scout Tower
04:36 Scout Tower
04:41 Keep
05:26 Guard Tower
06:06 Scout Tower
06:08 Scout Tower
06:09 Guard Tower
06:28 Arcane Vault
06:29 Guard Tower
06:43 Guard Tower
07:23 Guard Tower
07:30 Gryphon Aviary
07:31 Gryphon Aviary
07:37 Arcane Sanctum
08:46 Scout Tower
08:47 Scout Tower
08:56 Scout Tower
08:57 Scout Tower
08:58 Scout Tower
08:58 Scout Tower
09:00 Scout Tower
09:03 Scout Tower
09:04 Scout Tower
10:48 Castle
10:57 Blacksmith
11:18 Guard Tower
11:23 Guard Tower
11:59 Guard Tower
13:34 Barracks
14:42 Guard Tower
14:54 Scout Tower
15:02 Scout Tower
15:02 Scout Tower
15:03 Scout Tower
15:04 Scout Tower
15:06 Scout Tower
15:07 Scout Tower
15:08 Scout Tower
15:50 Guard Tower
16:46 Farm
16:46 Farm
16:47 Farm
16:47 Farm
16:48 Farm
16:48 Farm
19:28 Guard Tower
24:57 Farm
24:57 Farm
24:58 Farm
24:58 Farm
24:59 Farm
24:59 Farm
37:37 Scout Tower
37:38 Scout Tower
37:39 Scout Tower
37:47 Scout Tower
37:49 Scout Tower
37:54 Scout Tower
37:58 Scout Tower
37:59 Scout Tower
38:09 Scout Tower
38:09 Scout Tower
38:11 Scout Tower
38:12 Scout Tower
38:22 Scout Tower
38:23 Scout Tower
38:25 Scout Tower
38:25 Scout Tower
38:27 Scout Tower
38:28 Scout Tower
38:28 Scout Tower
38:29 Scout Tower
38:42 Scout Tower
38:42 Scout Tower
38:43 Scout Tower
38:51 Guard Tower
38:59 Scout Tower
39:04 Scout Tower
39:09 Scout Tower
39:11 Scout Tower
39:17 Scout Tower
39:18 Scout Tower
39:19 Scout Tower
40:30 Arcane Tower
40:32 Arcane Tower
40:38 Guard Tower
40:45 Scout Tower
40:46 Scout Tower
40:47 Scout Tower
40:54 Scout Tower
41:38 Scout Tower
41:38 Scout Tower
41:44 Scout Tower
41:54 Guard Tower
43:04 Guard Tower
45:05 Scout Tower
45:50 Arcane Tower
» items
| Periapt of Vitality | 2 | |
| Orb of Lightning | 2 | |
| Staff of Sanctuary | 1 | |
| Boots of Speed | 1 | |
| Staff of Teleportation | 1 | |
| Healing Salve | 1 | |
| Potion of Healing | 1 | |
| Lesser Clarity Potion | 1 | |
| Potion of Mana | 1 | |
| Mechanical Critter | 1 | |
12 total
GOKUMAN69 (
pink | 55 APM | 3093 actions | 56:39)
7 Mountain King
3 Storm Bolt
3 Bash
1 Avatar
1 Goblin Tinker
1 Pocket Factory
» actions
| Assign group hotkey | 11 | |
| Basic commands | 22 | |
| Build / train | 141 | |
| Enter build submenu | 80 | |
| Enter hero's abilities submenu | 8 | |
| Give item / drop item | 10 | |
| Remove unit from queue | 5 | |
| Right click | 1180 | |
| Select / deselect | 839 | |
| Select group hotkey | 490 | |
| Use ability | 306 | |
3093 total
» units
| Peasant | 16 | |
| Dragonhawk Rider | 14 | |
| Sorceress | 2 | |
| Priest | -1 | |
| Gryphon Rider | 1 | |
32 total
» upgrades
| Masonry | 3 | |
| Lumber Harvesting | 2 | |
| Magic Sentry | 1 | |
| Sorceress Training | 2 | |
| Priest Training | 2 | |
| Animal War Training | 1 | |
| Cloud | 1 | |
| Gunpowder | 0 | |
| Swords | 3 | |
| Armor | 3 | |
| Storm Hammers | 1 | |
19 total
» buildings
| Lumber Mill | 3 | |
| Altar of Kings | 1 | |
| Farm | 14 | |
| Scout Tower | 70 | |
| Guard Tower | 30 | |
| Keep | 1 | |
| Arcane Tower | 16 | |
| Town Hall | 1 | |
| Blacksmith | 1 | |
| Barracks | 1 | |
| Castle | 1 | |
| Gryphon Aviary | 2 | |
| Arcane Sanctum | 1 | |
| Arcane Vault | 1 | |
143 total
» build order
00:05 Lumber Mill
00:24 Altar of Kings
00:38 Farm
01:04 Farm
01:09 Farm
01:18 Scout Tower
01:42 Scout Tower
01:45 Guard Tower
01:47 Scout Tower
01:56 Scout Tower
02:17 Scout Tower
02:17 Guard Tower
02:25 Scout Tower
02:26 Scout Tower
02:46 Guard Tower
02:47 Scout Tower
02:49 Guard Tower
02:53 Guard Tower
02:55 Scout Tower
02:56 Scout Tower
02:57 Scout Tower
02:58 Scout Tower
03:11 Guard Tower
03:37 Guard Tower
03:38 Scout Tower
03:42 Scout Tower
03:44 Scout Tower
04:09 Guard Tower
04:17 Guard Tower
04:20 Scout Tower
04:22 Scout Tower
04:31 Keep
04:33 Scout Tower
04:34 Scout Tower
04:47 Guard Tower
04:49 Scout Tower
04:50 Scout Tower
05:16 Arcane Tower
05:28 Guard Tower
05:51 Town Hall
05:59 Guard Tower
06:01 Scout Tower
06:09 Arcane Tower
06:11 Blacksmith
06:18 Barracks
06:29 Scout Tower
06:30 Guard Tower
06:41 Scout Tower
07:22 Scout Tower
07:24 Guard Tower
07:39 Scout Tower
07:40 Scout Tower
07:46 Castle
07:48 Gryphon Aviary
07:49 Gryphon Aviary
08:20 Arcane Sanctum
08:26 Guard Tower
08:28 Scout Tower
08:34 Arcane Tower
08:58 Arcane Tower
08:59 Scout Tower
09:01 Scout Tower
09:05 Guard Tower
09:43 Arcane Vault
09:52 Guard Tower
10:42 Arcane Tower
10:43 Arcane Tower
10:45 Scout Tower
10:54 Farm
12:04 Arcane Tower
14:19 Farm
14:46 Scout Tower
14:48 Scout Tower
14:49 Scout Tower
14:51 Scout Tower
14:53 Scout Tower
14:54 Scout Tower
14:55 Scout Tower
15:35 Farm
15:52 Guard Tower
16:14 Guard Tower
17:14 Guard Tower
19:12 Farm
19:13 Farm
19:16 Farm
19:17 Farm
20:39 Farm
20:40 Farm
21:10 Farm
21:55 Farm
25:23 Lumber Mill
25:26 Lumber Mill
28:33 Scout Tower
29:49 Guard Tower
29:50 Guard Tower
29:53 Scout Tower
30:12 Scout Tower
30:14 Scout Tower
30:55 Guard Tower
30:58 Scout Tower
31:01 Scout Tower
31:03 Scout Tower
31:06 Scout Tower
31:52 Scout Tower
31:53 Scout Tower
31:56 Scout Tower
31:59 Scout Tower
32:01 Scout Tower
32:05 Scout Tower
32:10 Scout Tower
32:12 Scout Tower
32:14 Scout Tower
32:15 Scout Tower
32:17 Scout Tower
32:32 Guard Tower
32:34 Scout Tower
32:41 Scout Tower
33:01 Guard Tower
33:04 Scout Tower
33:10 Scout Tower
33:11 Scout Tower
33:13 Scout Tower
33:15 Scout Tower
33:17 Guard Tower
33:19 Scout Tower
33:23 Scout Tower
33:24 Scout Tower
33:25 Scout Tower
33:26 Scout Tower
33:28 Guard Tower
33:31 Arcane Tower
33:31 Arcane Tower
34:20 Guard Tower
34:53 Guard Tower
35:15 Scout Tower
35:17 Guard Tower
35:53 Arcane Tower
35:54 Arcane Tower
35:56 Arcane Tower
35:57 Arcane Tower
41:59 Arcane Tower
41:59 Arcane Tower
» items
| Healing Salve | 2 | |
| Lesser Clarity Potion | 2 | |
| Boots of Speed | 2 | |
| Staff of Teleportation | 2 | |
| Orb of Lightning | 1 | |
| Potion of Mana | 2 | |
| Tiny Great Hall | 2 | |
| Scroll of Town Portal | 1 | |
| Potion of Healing | 1 | |
| Mechanical Critter | 7 | |
22 total
tanuki (
yellow | 63 APM | 3572 actions | 56:38)
6 Blademaster
3 Wind Walk
2 Critical Strike
1 Bladestorm
» actions
| Assign group hotkey | 12 | |
| Basic commands | 45 | |
| Build / train | 83 | |
| ESC pressed | 8 | |
| Enter build submenu | 52 | |
| Enter hero's abilities submenu | 6 | |
| Give item / drop item | 4 | |
| Remove unit from queue | 7 | |
| Right click | 2457 | |
| Select / deselect | 518 | |
| Select group hotkey | 273 | |
| Use ability | 104 | |
3572 total
» units
| Peon | 15 | |
| Troll Batrider | 10 | |
| Wind Rider | 5 | |
30 total
» upgrades
| Liquid Fire | 1 | |
| Ranged Weapons | 3 | |
| Reinforced Defenses | 1 | |
| Spiked Barricades | 4 | |
| Armor | 3 | |
| Envenomed Spears | 2 | |
14 total
» buildings
| Altar of Storms | 1 | |
| Orc Burrow | 8 | |
| War Mill | 3 | |
| Voodoo Lounge | 3 | |
| Stronghold | 2 | |
| Great Hall | 1 | |
| Beastiary | 2 | |
| Fortress | 1 | |
| Watch Tower | 26 | |
47 total
» build order
00:03 Altar of Storms
00:19 Orc Burrow
02:24 War Mill
04:08 Voodoo Lounge
04:16 Voodoo Lounge
04:24 Voodoo Lounge
04:43 Stronghold
07:17 Great Hall
07:29 Beastiary
07:31 Beastiary
08:18 Fortress
08:32 Orc Burrow
08:44 Orc Burrow
08:46 Orc Burrow
16:06 War Mill
16:57 Orc Burrow
18:55 Orc Burrow
19:58 Orc Burrow
25:02 Orc Burrow
34:04 Watch Tower
34:07 Watch Tower
34:16 Watch Tower
34:25 Watch Tower
34:28 Watch Tower
35:27 Stronghold
35:44 Watch Tower
35:53 Watch Tower
35:56 Watch Tower
37:05 Watch Tower
37:08 Watch Tower
37:11 Watch Tower
38:13 Watch Tower
39:04 Watch Tower
40:08 War Mill
41:26 Watch Tower
41:31 Watch Tower
41:38 Watch Tower
41:42 Watch Tower
42:38 Watch Tower
42:49 Watch Tower
43:43 Watch Tower
43:58 Watch Tower
44:19 Watch Tower
44:52 Watch Tower
45:36 Watch Tower
45:56 Watch Tower
46:06 Watch Tower
» items
| Healing Salve | 3 | |
| Lesser Clarity Potion | 2 | |
| Potion of Mana | 3 | |
| Boots of Speed | 1 | |
| Staff of Teleportation | 1 | |
| Orb of Lightning | 1 | |
| Potion of Healing | 4 | |
| Mechanical Critter | 6 | |
21 total
team 2 (loser)
BMW_M3. (
purple | 26 APM | 720 actions | 28:09)
3 Death Knight
2 Death Coil
1 Unholy Aura
» actions
| Assign group hotkey | 9 | |
| Build / train | 36 | |
| Enter build submenu | 14 | |
| Enter hero's abilities submenu | 3 | |
| Remove unit from queue | 1 | |
| Right click | 398 | |
| Select / deselect | 150 | |
| Select group hotkey | 76 | |
| Use ability | 33 | |
720 total
» units
| Acolyte | 2 | |
| Ghoul | 4 | |
| Crypt Fiend | 14 | |
| Meatwagon | 5 | |
25 total
» upgrades
| Web | 1 | |
| Creature Attack | 2 | |
| Creature Carapace | 2 | |
5 total
» buildings
| Ziggurat | 9 | |
| Altar of Darkness | 1 | |
| Crypt | 2 | |
| Graveyard | 1 | |
| Halls of the Dead | 1 | |
| Slaughterhouse | 1 | |
15 total
» build order
00:12 Ziggurat
00:13 Altar of Darkness
00:39 Crypt
01:22 Graveyard
01:25 Crypt
02:29 Ziggurat
03:17 Ziggurat
05:22 Ziggurat
05:49 Halls of the Dead
06:20 Ziggurat
09:37 Ziggurat
11:36 Ziggurat
14:36 Ziggurat
17:14 Slaughterhouse
17:34 Ziggurat
IAmPeon (
green | 25 APM | 1412 actions | 56:38)
3 Keeper of the Grove
1 Force of Nature
2 Thorns Aura
» actions
| Assign group hotkey | 41 | |
| Basic commands | 143 | |
| Build / train | 89 | |
| Enter build submenu | 30 | |
| Enter hero's abilities submenu | 3 | |
| Right click | 493 | |
| Select / deselect | 373 | |
| Select group hotkey | 180 | |
| Use ability | 60 | |
1412 total
» units
| Wisp | 35 | |
| Huntress | 3 | |
| Mountain Giant | 5 | |
| Dryad | 5 | |
| Druid of the Claw | 1 | |
| Hippogryph | 10 | |
| Chimaera | 6 | |
| Druid of the Talon | 5 | |
70 total
» upgrades
| Reinforced Hides | 3 | |
| Strength of the Wild | 3 | |
| Nature's Blessing | 1 | |
| Abolish Magic | 1 | |
| Hardened Skin | 1 | |
| Well Spring | 1 | |
| Corrosive Breath | 1 | |
| Druid of the Talon Training | 1 | |
12 total
» buildings
| Altar of Elders | 1 | |
| Moon Well | 8 | |
| Ancient of War | 1 | |
| Hunter's Hall | 1 | |
| Tree of Ages | 1 | |
| Ancient of Wonders | 1 | |
| Ancient of Lore | 2 | |
| Tree of Life | 1 | |
| Ancient Protector | 5 | |
| Tree of Eternity | 1 | |
| Ancient of Wind | 1 | |
| Chimaera Roost | 3 | |
26 total
» build order
00:10 Altar of Elders
00:15 Moon Well
01:04 Moon Well
01:45 Ancient of War
01:55 Hunter's Hall
03:06 Tree of Ages
04:18 Ancient of Wonders
04:22 Moon Well
04:26 Moon Well
05:30 Ancient of Lore
05:35 Ancient of Lore
06:12 Moon Well
10:34 Tree of Life
10:40 Ancient Protector
10:52 Ancient Protector
11:58 Tree of Eternity
12:27 Ancient Protector
16:09 Moon Well
16:17 Moon Well
16:30 Moon Well
17:41 Ancient of Wind
17:55 Ancient Protector
18:00 Ancient Protector
19:07 Chimaera Roost
19:34 Chimaera Roost
19:39 Chimaera Roost
ItHeL (
teal | 33 APM | 1784 actions | 53:29)
4 Dark Ranger
2 Black Arrow
2 Silence
1 Death Knight
1 Death Pact
» actions
| Assign group hotkey | 8 | |
| Build / train | 79 | |
| Enter build submenu | 22 | |
| Enter hero's abilities submenu | 5 | |
| Remove unit from queue | 6 | |
| Right click | 966 | |
| Select / deselect | 635 | |
| Select group hotkey | 5 | |
| Use ability | 57 | |
1784 total
» units
| Peon | 9 | |
| Grunt | 7 | |
| Tauren | 14 | |
| Shaman | 9 | |
| Troll Witch Doctor | 9 | |
| Demolisher | 8 | |
| Wind Rider | 5 | |
| Troll Headhunter/Berserker | -3 | |
58 total
» upgrades
| Shaman Training | 2 | |
| Pulverize | 1 | |
| Witch Doctor Training | 2 | |
| Burning Oil | 1 | |
| Liquid Fire | 1 | |
7 total
» buildings
| Altar of Storms | 1 | |
| Orc Burrow | 9 | |
| Barracks | 1 | |
| Stronghold | 1 | |
| Fortress | 1 | |
| War Mill | 1 | |
| Spirit Lodge | 2 | |
| Tauren Totem | 2 | |
| Great Hall | 1 | |
| Beastiary | 1 | |
| Voodoo Lounge | 1 | |
21 total
» build order
00:07 Altar of Storms
00:13 Orc Burrow
00:49 Barracks
01:12 Orc Burrow
02:09 Orc Burrow
04:16 Stronghold
05:57 Orc Burrow
06:47 Fortress
06:53 War Mill
07:05 Orc Burrow
08:19 Orc Burrow
08:25 Spirit Lodge
09:11 Tauren Totem
09:49 Tauren Totem
09:57 Orc Burrow
10:43 Spirit Lodge
12:52 Orc Burrow
14:03 Orc Burrow
20:54 Great Hall
45:15 Beastiary
46:24 Voodoo Lounge
Chat log
(16:29 / All) BMW_M3.: why
(16:37 / All) GOKUMAN69: We hate u
(22:48 / All) BMW_M3.: see anything you like jackass
(22:57 / All) GOHANSAN420: your anger
(22:59 / All) GOHANSAN420: fucking tool
(28:22 / All) GOKUMAN69: why quit?
(34:52 / All) GOHANSAN420: guys, please stop attacking us
(34:57 / All) GOHANSAN420: we can't do anything against chims
(39:46 / All) GOKUMAN69: gg guys
(39:56 / All) ItHeL: u obv have mass guys
(40:05 / All) GOHANSAN420: but with no buildings we'll loose
(42:51 / All) GOKUMAN69: Hey guys
(42:53 / All) ItHeL: lol
(42:54 / All) tanuki: gg
(43:02 / All) GOHANSAN420: gg guys
(43:03 / All) ItHeL: i see ur base to the left u idiot
(43:08 / All) ItHeL: i mean the right
(43:16 / All) GOKUMAN69: how is the weather down there?
(43:17 / All) GOHANSAN420: how will we ever win now
(43:20 / All) tanuki: im stilling learning my lefts and rights
(43:23 / All) tanuki: too
(43:25 / All) ItHeL: me 2
(43:26 / All) tanuki: don't be embarassed
(43:30 / All) GOHANSAN420: you get nose bleeds up here
(43:34 / All) GOHANSAN420: not too good for the health
(43:52 / All) GOKUMAN69: Weclum to highperch enjoy yo stay
(43:56 / All) GOHANSAN420: how do you plan on killling us with all that ground?
(44:11 / All) GOHANSAN420: also, your welcome for killing all my towers on the right choke point
(44:20 / All) GOHANSAN420: I didn't want you to suicide more units
(47:16 / All) GOKUMAN69: why you makin a shop?
(49:32 / All) GOHANSAN420: your armies are too great
(51:50 / All) GOHANSAN420: so do you like animes
(53:32 / All) GOKUMAN69: Gg
(53:36 / All) GOKUMAN69: noobs
(53:43 / All) tanuki: get better strats noob
(53:47 / All) tanuki: s